 Dungeon Crawl Stone Soup version 0.30.1-11-g7821555f0a (webtiles) character file.

Game seed: 1726751041245912448

16 KittyFluff the Trooper (level 2, 0/19 HPs)
             Began as a Gargoyle Berserker on Nov 10, 2023.
             Was a Follower of Trog.
             Slain by a goblin
             ... wielding a +0 club
              (3 damage)
             ... on level 2 of the Dungeon.
             The game lasted 00:03:03 (767 turns).

KittyFluff the Trooper (Gargoyle Berserker)          Turns: 767, Time: 00:03:04

Health: 0/19       AC:  6    Str: 20    XL:     2   Next: 58%
Magic:  2/2        EV: 11    Int:  7    God:    Trog [*.....]
Gold:   22         SH:  0    Dex:  9    Spells: 1/1 levels left

rFire   . . .        a - +0 mace
rCold   . . .        (no shield)
rNeg    + . .        f - +0 leather armour
rPois   ∞            (no helmet)
rElec   +            (no cloak)
rCorr   .            (no gloves)
SInv    .            (no boots)
Will    .....        j - amulet of the acrobat
Stlth   +            (no ring)
HPRegen 0.23/turn    (no ring)
MPRegen 0.08/turn

%: acrobat
@: no status effects
A: sickness immunity, AC +2, negative energy resistance 1, electricity
resistance, torment resistance 1, petrification resistance
a: Renounce Religion, Berserk


You were on level 2 of the Dungeon.
You worshipped Trog.
Trog was aware of your devotion.
You visited 1 branch of the dungeon, and saw 2 of its levels.

You collected 22 gold pieces.

Inventory:

Hand Weapons
 a - a +0 mace (weapon)
Armour
 f - a +0 leather armour (worn)
Jewellery
 j - an amulet of the acrobat (around neck)
Scrolls
 b - a scroll of noise {unknown}
 d - 2 scrolls of teleportation {unknown}
 i - a scroll of identify {unknown}
Potions
 c - a potion of heal wounds {unknown}
 e - a potion of curing {unknown}
 g - a potion of haste {unknown}
 h - a potion of might {unknown}


   Skills:
 + Level 3.5 Fighting
 + Level 3.2 Maces & Flails
 + Level 2.5 Armour
 + Level 1.8 Dodging


You had one spell level left.
You didn't know any spells.
Your spell library was empty.

Dungeon Overview and Level Annotations

Branches:
Dungeon (2/15)

Altars:


Innate Abilities, Weirdness & Mutations

You are immune to sickness and miasma.
Your stone body is resilient. (AC +2)
You are immune to poison.
You resist negative energy. (rN+)
You are resistant to electric shocks. (rElec)
You are resistant to unholy torment.
You are immune to petrification.


Message History

You completely miss the bat. The bat hits you but does no damage.
The bat barely misses you. The bat barely misses you.
You hit the bat.
You kill the bat!
Trog accepts your kill.
There is a stone staircase leading down here.
Found a twisted peridot ring.
k - a +6 ring of intelligence A goblin comes into view.
It is wielding a +0 dagger.
The goblin shouts!
The goblin barely misses you.
You sock the goblin!
You kill the goblin!
Trog accepts your kill.
You see here a +0 dagger.
You drop a +6 ring of intelligence.
There is a stone staircase leading down here.
You climb downwards.
The goblin shouts!
The kobold shouts!
The endoplasm quivers.
There is a stone staircase leading up here.
You hit the endoplasm but do no damage.
You punch the endoplasm, but do no damage.
The endoplasm hits you but does no damage.
You hit the endoplasm but do no damage. The endoplasm freezes you.
You are frozen.
You hit the endoplasm but do no damage. The endoplasm closely misses you.
You hit the endoplasm but do no damage. The endoplasm hits you.
A kobold comes into view. It is wielding a +0 short sword.
The kobold barely misses you. The goblin misses you. The endoplasm freezes you.
You are frozen.
The kobold closely misses you.
You hit the endoplasm but do no damage. The kobold hits you but does no damage.
The endoplasm freezes you.
You are frozen.
* * * LOW HITPOINT WARNING * * *
The goblin hits you with a +0 club.
You die...

. #.#.#
#.#.#.# #
#.#.#.#
..#...#.#
.........
........#
........#
......J@#
......Kg#
..K.....#
........#
#.......#
#.......#
####.....
#.....


You could see an endoplasm, a goblin and 2 kobolds.

Vanquished Creatures
  3 bats (D:1)
  An endoplasm (D:1)
  4 goblins (D:1)
  A hobgoblin (D:1)
  A quokka (D:1)
  2 ball pythons (D:1)
  2 kobolds (D:1)
  A rat (D:1)
15 creatures vanquished.

Notes
Turn   | Place    | Note
-------+----------+-------------------------------------------
     0 | D:1      | KittyFluff the Gargoyle Berserker began the quest for the
                  | Orb.
     0 | D:1      | Reached XP level 1. HP: 14/14 MP: 1/1
   197 | D:1      | Reached XP level 2. HP: 19/19 MP: 2/2
   227 | D:1      | Found a faded altar of an unknown god.
   767 | D:2      | Slain by a goblin

Illustrated notes

Levels and vault maps discovered:
D:1:      grunt_arrival_lava_bath, layout_basic,
          shapermc_ecumenical_altar_ellora
D:2:      layout_basic, grunt_ministairs_3, kennysheep_generic_room_10

Action                     || total
---------------------------++-------
  Melee: Mace              ||    61
         Punch             ||     1
 Armour: Leather armour    ||    40
  Dodge: Dodged            ||    55
